 Dungeon Crawl Stone Soup version 0.27-a0-1090-gb115f176c6 (webtiles) character file.

Game seed: 1532458867093188213

5939 siradein the Carver (level 10, -7/77 HPs)
             Began as a Minotaur Abyssal Knight on Apr 28, 2021.
             Was an Elder of Lugonu.
             Killed from afar by an electric eel (11 damage)
             ... with a bolt of electricity
             ... on level 8 of the Dungeon.
             The game lasted 00:40:10 (12640 turns).

siradein the Carver (Minotaur Abyssal Knight)      Turns: 12640, Time: 00:40:11

Health: -7/77      AC: 11    Str: 20    XL:     10   Next: 54%
Magic:  17/17      EV:  7    Int:  9    God:    Lugonu [****..]
Gold:   426        SH:  8    Dex: 10    Spells: 9/9 levels left

rFire    . . .     SeeInvis .   x - +4 falchion "Kouc" {elec, rCorr}
rCold    . . .     Faith    .   t - +1 kite shield
rNeg     . . .     Spirit   .   y - +0 plate armour
rPois    .         Reflect  .   (helmet restricted)
rElec    .         Harm     .   (no cloak)
rCorr    +         Rampage  .   (no gloves)
Will     +....                  (no boots)
Stlth    ..........             H - amulet of regeneration
HPRegen  1.22/turn              q - ring of willpower
MPRegen  0.15/turn              C - +4 ring of evasion

@: no status effects
A: horns 2, retaliatory headbutt
a: Renounce Religion, Depart the Abyss, Bend Space, Banish, Corrupt


You were on level 8 of the Dungeon.
You worshipped Lugonu.
Lugonu was greatly pleased with you.
You visited 2 branches of the dungeon, and saw 11 of its levels.
You visited the Abyss 1 time.
You also visited: Sewer.

You collected 426 gold pieces.

Inventory:

Hand Weapons
 x - the +4 falchion "Kouc" (weapon) {elec, rCorr}
   (You found it on level 4 of the Dungeon)

   Occasionally, upon striking a foe, it can discharge electrical energy and
   cause terrible harm.
   It protects you from acid and corrosion.
Missiles
 f - 7 silver javelins (quivered)
 o - 5 curare-tipped darts
Armour
 t - a +1 kite shield (worn)
 y - a +0 plate armour (worn)
Jewellery
 i - an amulet of the acrobat
 q - a ring of willpower (left hand)
 s - a +6 ring of intelligence
 C - a +4 ring of evasion (right hand)
 D - a ring of willpower
 H - an amulet of regeneration (around neck)
Wands
 b - a wand of polymorph (3)
 w - a wand of charming (7)
 B - a wand of flame (19)
 E - a wand of paralysis (23)
Scrolls
 a - 3 scrolls of blinking
 g - a scroll of enchant armour
 m - 5 scrolls of teleportation
 n - 2 scrolls of summoning
 p - 2 scrolls of amnesia
 r - 4 scrolls of magic mapping
 z - a scroll of enchant weapon {unknown}
 I - 2 scrolls of identify {unknown}
Potions
 c - a potion of haste {unknown}
 d - 4 potions of curing
 e - 3 potions of brilliance {unknown}
 h - 2 potions of cancellation {unknown}
 j - 2 potions of lignification {unknown}
 k - 2 potions of ambrosia {unknown}
 l - 6 potions of flight
 u - a potion of mutation {unknown}
 v - 2 potions of attraction {unknown}
 A - a potion of degeneration {unknown}
 F - a potion of berserk rage {unknown}
 G - a potion of heal wounds {unknown}


   Skills:
 - Level 3.6 Fighting
 + Level 13.2 Long Blades
 - Level 2.4 Armour
 - Level 1.1 Dodging
 + Level 11.3 Invocations


You had 9 spell levels left.
You didn't know any spells.
Your spell library contained the following spells:

 Spells                   Type           Power      Damage    Failure   Level
 Corona                   Hex            0%         N/A       100%        1
 Sandblast                Erth           0%         2d4       100%        1
 Summon Small Mammal      Summ           0%         N/A       100%        1
 Call Imp                 Summ           0%         N/A       100%        2
 Ensorcelled Hibernation  Hex/Ice        0%         N/A       100%        2
 Poisonous Vapours        Pois/Air       0%         N/A       100%        2
 Slow                     Hex            0%         N/A       100%        2
 Call Canine Familiar     Summ           0%         N/A       100%        3
 Confusing Touch          Hex            0%         N/A       100%        3
 Conjure Flame            Conj/Fire      0%         6-21      100%        3
 Dazzling Flash           Conj/Hex       0%         N/A       100%        3
 Inner Flame              Hex/Fire       0%         N/A       100%        3
 Mephitic Cloud           Conj/Pois/Air  0%         N/A       100%        3
 Portal Projectile        Hex/Tloc       0%         N/A       100%        3
 Stone Arrow              Conj/Erth      0%         3d7       100%        3
 Summon Guardian Golem    Hex/Summ       0%         N/A       100%        3
 Tukima's Dance           Hex            0%         N/A       100%        3
 Animate Armour           Summ/Erth      0%         N/A       100%        4
 Cause Fear               Hex            0%         N/A       100%        4
 Leda's Liquefaction      Hex/Erth       0%         N/A       100%        4
 Summon Ice Beast         Ice/Summ       0%         N/A       100%        4
 Summon Lightning Spire   Summ/Air       0%         N/A       100%        4
 Borgnjor's Vile Clutch   Necr/Erth      0%         N/A       100%        5
 Lee's Rapid Deconstruct  Erth           0%         3d5*      100%        5
 Freezing Cloud           Conj/Ice/Air   0%         6-21      100%        6


Dungeon Overview and Level Annotations

Branches:
Dungeon (10/15)            Temple (1/1) D:7             Orc (0/2) D:9
  Sewer (visited)
   Lair: D:8-11

Altars:
Cheibriados
Elyvilon
Fedhas
Nemelex Xobeh
Okawaru
Qazlal
Ru
Sif Muna
Uskayaw
Vehumet
Zin
The Shining One

Shops:
D:2 *!:   D:7 [

Annotations:
D:8 Gastronok, Joseph


Innate Abilities, Weirdness & Mutations

You have a pair of horns on your head.
You reflexively headbutt those who attack you in melee.


Message History

The electric eel shoots out a bolt of lightning at you!
The bolt of electricity hits you!
You closely miss the electric eel.
The electric eel shoots out a bolt of lightning at you!
The bolt of electricity hits you.
The electric eel shoots out a bolt of lightning at you!
The bolt of electricity hits you.
You hit the electric eel. Your headbutt misses the electric eel.
The electric eel is moderately wounded.
The electric eel shoots out a bolt of lightning at you!
The bolt of electricity hits you!
The electric eel shoots out a bolt of lightning at you!
The bolt of electricity hits you! x2
The bolt of electricity misses the electric eel.
The electric eel shoots out a bolt of lightning at you!
The bolt of electricity hits you.
The electric eel shoots out a bolt of lightning at you!
The bolt of electricity hits you!
* * * LOW HITPOINT WARNING * * *
The electric eel shoots out a bolt of lightning at you!
The bolt of electricity hits you.
* * * LOW HITPOINT WARNING * * *
The electric eel shoots out a bolt of lightning at you!
The bolt of electricity hits you.
* * * LOW HITPOINT WARNING * * *
The electric eel shoots out a bolt of lightning at you!
The bolt of electricity misses the electric eel.
The bolt of electricity hits you!
* * * LOW HITPOINT WARNING * * *
It was a potion of curing.
You feel better.
The electric eel shoots out a bolt of lightning at you!
The bolt of electricity hits you.
* * * LOW HITPOINT WARNING * * *
The electric eel shoots out a bolt of lightning at you!
The bolt of electricity hits the electric eel.
The electric eel completely resists.
The bolt of electricity hits you.
* * * LOW HITPOINT WARNING * * *
The electric eel shoots out a bolt of lightning at you!
The bolt of electricity hits you!
You die...

..'......#
..#......###
..#........##
##########..# ##.##
#..# ####.#
#....####### ###
#.##....@..#########
..#
#.≈≈.≈.≈..≈.≈≈≈≈.≈.≈
..#
#..≈≈≈≈≈.≈≈≈;≈≈≈≈≈≈≈
..#
#..≈♣♣♣≈.≈♣♣♣≈.≈♣♣♣≈
..# #..≈♣ ♣≈≈≈♣ ≈≈≈♣
..## ##≈≈♣♣♣;.≈♣♣
≈.;♣ ...#
#.≈≈≈≈≈≈≈≈≈ ≈.≈≈≈
...# #..≈≈..≈≈≈.
..≈.≈. ...#
#.≈≈≈≈≈.≈≈≈ ≈≈≈≈≈≈


You could see 3 electric eels.

Vanquished Creatures
  Pikel (D:5)
  Maggie (D:9)
  A kobold demonologist (D:9)
  Sigmund (D:4)
  4 yaks (D:9)
  A steam dragon (D:7)
  A warg (D:9)
  A water moccasin (D:5)
  An ice beast (D:6)
  2 orc warriors
  4 ogres
  3 kobold brigands (D:9)
  A wyvern zombie (D:7)
  A gnoll sergeant (D:6)
  3 scorpions
  5 howler monkeys
  2 jellies
  A centaur zombie (D:9)
  3 hounds
  A centaur skeleton (D:6)
  4 orc priests
  A bullfrog skeleton (D:6)
  3 iguanas
  Natasha (thrice) (D:3)
  A merfolk siren (Sewer)
  10 orc wizards
  A merfolk avatar (Sewer)
  A hound skeleton (D:4)
  A howler monkey zombie (D:9)
  A howler monkey skeleton (D:5)
  5 gnolls
  8 adders
  A river rat (Sewer)
  3 white imps
  An ufetubus (D:6)
  2 worms (D:2)
  3 dart slugs
  19 orcs
  14 ball pythons
  7 bats
  10 endoplasms
  5 giant cockroaches
  7 goblins
  5 hobgoblins
  A jackal (D:3)
  12 quokkas
  7 frilled lizards
  9 kobolds
  26 rats
209 creatures vanquished.

Vanquished Creatures (others)
  68 plants (D:4)
68 creatures vanquished.

Grand Total: 277 creatures vanquished

Notes
Turn   | Place    | Note
-------+----------+-------------------------------------------
     0 | Abyss:1  | siradein the Minotaur Abyssal Knight began the quest for
                  | the Orb.
     0 | Abyss:1  | Reached XP level 1. HP: 19/19 MP: 1/1
    37 | Abyss:1  | Noticed a jelly
    38 | D:1      | Escaped the Abyss
   226 | D:1      | Reached * piety under Lugonu
   227 | D:1      | Reached skill level 3 in Long Blades
   227 | D:1      | Reached XP level 2. HP: 14/26 MP: 2/2
   844 | D:1      | Identified the Tome of the Mountains
  1517 | D:2      | Found Syiporhi's General Store.
  1521 | D:2      | Found a glowing silver altar of Zin.
  1556 | D:2      | Reached XP level 3. HP: 28/31 MP: 2/4
  1639 | D:2      | Found Huimaipn's Distillery.
  1760 | D:2      | Found Teduwem's Book Shop.
  2329 | D:3      | Reached ** piety under Lugonu
  2513 | D:3      | Reached skill level 4 in Long Blades
  2533 | D:3      | Found a glowing drain.
  2569 | Sewer    | Entered a sewer
  2579 | Sewer    | Reached XP level 4. HP: 36/39 MP: 5/5
  3171 | Sewer    | Noticed a malarious merfolk avatar
  3203 | Sewer    | Killed a malarious merfolk avatar
  3204 | Sewer    | Reached XP level 5. HP: 36/45 MP: 6/6
  3447 | D:3      | Reached *** piety under Lugonu
  3471 | D:3      | Reached skill level 5 in Long Blades
  4064 | D:3      | Noticed Natasha
  4336 | D:3      | Killed Natasha
  4749 | D:3      | Noticed Natasha
  4761 | D:3      | Killed Natasha
  4762 | D:3      | Reached XP level 6. HP: 18/51 MP: 8/8
  5164 | D:3      | Noticed Natasha
  5169 | D:3      | Killed Natasha
  5456 | D:4      | Reached skill level 6 in Long Blades
  5563 | D:4      | HP: 2/51 [phantom (6)]
  5566 | D:4      | Reached skill level 5 in Invocations
  5943 | D:4      | Reached XP level 7. HP: 41/57 MP: 10/10
  6099 | D:4      | Identified the +4 falchion "Kouc" {elec, rCorr}
  6103 | D:4      | Found a white marble altar of Elyvilon.
  6127 | D:4      | Reached skill level 7 in Long Blades
  6811 | D:4      | Noticed Sigmund
  7066 | D:4      | Killed Sigmund
  7327 | D:5      | Entered Level 5 of the Dungeon
  7406 | D:5      | Reached skill level 8 in Long Blades
  7410 | D:5      | Reached XP level 8. HP: 49/64 MP: 10/12
  8204 | D:6      | Reached skill level 9 in Long Blades
  8944 | D:6      | Noticed Pikel
  8962 | D:5      | Killed Pikel
  8963 | D:5      | Reached skill level 10 in Long Blades
  9102 | D:6      | Reached XP level 9. HP: 70/70 MP: 14/14
  9832 | D:7      | Found a stormy altar of Qazlal.
  9840 | D:7      | Found a glowing golden altar of the Shining One.
  9847 | D:7      | Found a hide-covered altar of Uskayaw.
  9854 | D:7      | Found a sacrificial altar of Ru.
  9860 | D:7      | Found a radiant altar of Vehumet.
  9867 | D:7      | Found an iron altar of Okawaru.
  9873 | D:7      | Found a sparkling altar of Nemelex Xobeh.
 10108 | D:7      | Found Ruipt's Antique Armour Shop.
 10127 | D:7      | Found a staircase to the Ecumenical Temple.
 10152 | Temple   | Entered the Ecumenical Temple
 10555 | D:7      | Found a shimmering blue altar of Sif Muna.
 11045 | D:8      | Noticed Joseph
 11340 | D:8      | Reached skill level 11 in Long Blades
 11415 | D:8      | Found a snail-covered altar of Cheibriados.
 11422 | D:8      | Noticed Gastronok
 11527 | D:9      | Reached **** piety under Lugonu
 11610 | D:9      | Found a staircase to the Orcish Mines.
 11730 | D:9      | Noticed Maggie
 11775 | D:9      | Killed Maggie
 11776 | D:9      | Reached skill level 10 in Invocations
 11905 | D:9      | Noticed a kobold demonologist
 11918 | D:9      | Killed a kobold demonologist
 11919 | D:9      | Reached skill level 12 in Long Blades
 11935 | D:9      | Reached XP level 10. HP: 60/77 MP: 16/16
 11998 | D:9      | Noticed a two-headed ogre
 11999 | D:9      | Banished a two-headed ogre
 12233 | D:9      | Noticed a two-headed ogre
 12288 | D:9      | Banished a two-headed ogre
 12289 | D:9      | Reached skill level 13 in Long Blades
 12560 | D:9      | Found a blossoming altar of Fedhas.
 12571 | D:10     | Entered Level 10 of the Dungeon
 12571 | D:10     | Noticed a gargoyle
 12638 | D:8      | HP: 1/77 [electric eel/bolt of electricity (11)]
 12640 | D:8      | Killed from afar by an electric eel

Illustrated notes

Levels and vault maps discovered:
D:1:      evilmike_arrival_fibonacci_small, layout_basic, serial_bayou_pond_d,
          skrybe_limestone_x
D:2:      layout_basic, serial_shops, shop, shop, nicolae_shop_behind_doors,
          basic_altar
D:3:      minmay_angry_zag, layout_rooms, portal_sewer_entry_d, minmay_unequal,
          uniq_natasha
D:4:      wad_woods_stonehenge, layout_rooms, uniq_sigmund
D:5:      layout_loops_ring
D:6:      wad_pebble_path, layout_basic, uniq_pikel
D:7:      layout_loops_corners, lemuel_crystal_altar,
          grunt_temple_overflow_octagram, minmay_temple_entry_wispy,
          serial_shops, nicolae_shop_overgrown_old_shop
D:8:      layout_gridville, kennysheep_little_box, kennysheep_boxes,
          uniq_psyche, uniq_joseph, uniq_harold, uniq_gastronok
D:9:      layout_roguey, kennysheep_mini_moat, erik_orc_3, uniq_maggie
D:10:     layout_basic, nicolae_trove_entry_path_of_doom
Temple:   minmay_temple_bridge_abc

Skill      XL: |  1  2  3  4  5  6  7  8  9 10 |
---------------+-------------------------------+-----
Invocations    | 2 3 4 5 6 8 10 11 | 11.3
Long Blades    | 3 4 5 6 8 10 12 13 | 13.2
Fighting       | |  3.6
Armour         | |  2.4
Dodging        | |  1.1

Action                   |  1- 3 |  4- 6 |  7- 9 | 10-12 || total
-------------------------+-------+-------+-------+-------++-------
Melee: Falchion          |   104 |   190 |   228 |    54 ||   576
       Headbutt          |    18 |    31 |    36 |    13 ||    98
Invok: Depart the Abyss  |     1 |       |       |       ||     1
       Banish            |       |     2 |     1 |     2 ||     5
  Use: Scroll            |       |     1 |     5 |       ||     6
       Potion            |       |       |       |     1 ||     1
Armor: Leather armour    |    25 |    29 |     3 |       ||    57
       Ring mail         |       |       |    26 |       ||    26
       Plate armour      |       |       |    42 |     7 ||    49
       Chain mail        |       |       |     3 |       ||     3
Dodge: Dodged            |    64 |    90 |    93 |    13 ||   260
Block: Kite shield       |       |     9 |    94 |    11 ||   114
       Rpst.: Falchion   |    21 |    19 |    18 |       ||    58

Table legend: (Time is in decaauts)
 A = Elapsed time spent in this place.
 B = Non-inter-level travel time spent in this place.
 C = Inter-level travel time spent in this place.
 D = Time resting spent in this place.
 E = Time spent auto-exploring this place.
 F = Levels seen in this place.
 G = Mean time per level.
                   A        B        C        D        E       F      G
               +--------+--------+--------+--------+--------+-----+--------+
         Total |  12779 |  12589 |    190 |   2969 |   7141 |  13 |  983.0 |
       Dungeon |  11749 |  11559 |    190 |   2815 |   6612 |  10 | 1174.9 |
        Temple |     71 |     71 |      0 |     43 |      0 |   1 |   71.0 |
         Abyss |     38 |     38 |      0 |      0 |      0 |   1 |   38.0 |
         Sewer |    920 |    920 |      0 |    111 |    529 |   1 |  920.0 |
               +--------+--------+--------+--------+--------+-----+--------+

Top non-repeatable levels by time:
     D:3: 2596 daAuts
     D:4: 1596 daAuts
     D:1: 1439 daAuts
     D:7: 1415 daAuts
     D:6: 1239 daAuts
     D:5: 1120 daAuts
     D:9: 1115 daAuts
   Sewer: 920 daAuts
     D:2: 846 daAuts
     D:8: 377 daAuts
  Temple: 71 daAuts
 Abyss:1: 38 daAuts
    D:10: 1 daAuts
